 Dungeon Sprint DCSS version 0.30.1-11-g7821555f0a (webtiles) character file.

Game seed: 18169286905081303243

8188 Groucho the Unseen (level 11, -3/63 HPs)
             Began as a Spriggan Enchanter on Dec 11, 2023.
             Was an Elder of Dithmenos.
             Slain by a sphinx (4 damage)
             ... in the Dungeon (Sprint II: "The Violet Keep of Menkaure").
             The game lasted 00:11:44 (888 turns).

Groucho the Unseen (Spriggan Enchanter)              Turns: 888, Time: 00:11:45

Health: -3/63      AC:  5    Str:  4    XL:     11   Next: 6%
Magic:  11/23      EV: 16    Int: 22    God:    Dithmenos [****..]
Gold:   879        SH:  6    Dex: 15    Spells: 9/25 levels left

rFire   . . .        a - +1 dagger
rCold   . . .        f - +0 buckler
rNeg    . . .        x - +0 troll leather armour
rPois   .            (helmet restricted)
rElec   .            w - +0 cloak
rCorr   .            (gloves unavailable)
SInv    +            (boots unavailable)
Will    +....        (no amulet)
Stlth   +++++++++    d - ring of flight
HPRegen 1.10/turn    (no ring)
MPRegen 0.18/turn

%: no teleportation
@: flying, wreathed by umbra, very quick
A: very small, no large weapons, unfitting armour, see invisible, speed 3
a: Renounce Religion, Shadow Step


You were in the Dungeon.
You worshipped Dithmenos.
Dithmenos was greatly pleased with you.
You visited 1 branch You collected 1644 gold pieces.
You spent 765 gold pieces at shops.

Inventory:

Hand Weapons
 a - a +1 dagger (weapon)
Armour
 b - a +0 robe
 f - a +0 buckler (worn)
 w - a +0 cloak (worn)
 x - a +0 troll leather armour (worn)
Jewellery
 d - a ring of flight (left hand)
 p - an amulet of reflection
Scrolls
 c - a scroll of enchant armour {unknown}
 i - 2 scrolls of blinking
 j - 3 scrolls of magic mapping {unknown}
 k - 3 scrolls of immolation {unknown}
 m - 5 scrolls of identify {unknown}
 n - a scroll of amnesia {unknown}
 s - a scroll of fear {unknown}
 u - a scroll of poison {unknown}
Potions
 e - 3 potions of lignification {unknown}
 g - 5 potions of magic
 h - a potion of berserk rage
 l - 2 potions of curing
 o - 3 potions of flight {unknown}
 q - a potion of haste
 r - a potion of mutation {unknown}
 t - 2 potions of attraction {unknown}
 v - 3 potions of resistance {unknown}


   Skills:
 - Level 10.0 Fighting
 - Level 10.0 Short Blades
 - Level 5.0 Dodging
 - Level 15.0 Stealth
 + Level 6.3 Shields
 - Level 7.8 Spellcasting
 - Level 10.0 Hexes
 - Level 15.0 Earth Magic


You had 9 spell levels left.
You knew the following spells:

 Your Spells              Type           Power      Damage    Failure   Level
a - Ensorcelled Hibernat  Hex/Ice        60%        N/A       4%          2
b - Confusing Touch       Hex            51%        N/A       1%          3
c - Dazzling Flash        Conj/Hex       60%        N/A       9%          3
d - Tukima's Dance        Hex            51%        N/A       1%          3
e - Lee's Rapid Deconstr  Erth           32%        3d17*     1%          5

Your spell library contained the following spells:

 Spells                   Type           Power      Damage    Failure   Level
 Fulminant Prism          Conj/Hex       15%        3d10      30%         4
 Vhi's Electric Charge    Tloc/Air       16%        N/A       56%         3
 Volatile Blastmotes      Fire/Tloc      16%        2d11      56%         3
 Iskenderun's Mystic Bla  Conj/Tloc      8%         2d4       93%         4
 Arcjolt                  Conj/Air       4%         1d14      100%        5
 Maxwell's Capacitive Co  Air            4%         ∞         100%        8


Dungeon Overview and Level Annotations

Branches:
Dungeon (1/1)

Altars:
Cheibriados
Dithmenos
Elyvilon
Fedhas
Gozag
Hepliaklqana
Kikubaaqudgha
Makhleb
Nemelex Xobeh
Okawaru
Qazlal
Ru
Sif Muna
Trog
Uskayaw
Vehumet
Wu Jian
Xom
Yredelemnul
Zin
The Shining One
Jiyva
Lugonu

Shops:
D ?:=:((![[!=(*!!

Annotations:
D exclusion: oklob plant


Innate Abilities, Weirdness & Mutations

You are very small and have problems with some larger weapons.
You are too small for most types of armour.
You have supernaturally acute eyesight. (SInv)
You cover ground extremely quickly. (Speed+++)


Message History

Casting: Ensorcelled Hibernation (safe; 4% risk of failure)
Confirm with . or Enter, or press ? or * to list all spells.
Aiming: Ensorcelled Hibernation (safe; 4% risk of failure)
Press: ? - help, Shift-Dir - straight line, f/p - sphinx
Aim: a sphinx (umbra, chance to affect: 26%)
The sphinx easily resists.
The sphinx barely misses you. The sphinx hits you but does no damage.
The sphinx hits you.
Casting: Ensorcelled Hibernation (safe; 4% risk of failure)
Confirm with . or Enter, or press ? or * to list all spells.
Aiming: Ensorcelled Hibernation (safe; 4% risk of failure)
Press: ? - help, Shift-Dir - straight line, f/p - sphinx
Aim: a sphinx (umbra, chance to affect: 26%)
The sphinx easily resists.
The sphinx hits you! The sphinx hits you but does no damage.
The sphinx hits you!
Casting: Ensorcelled Hibernation (safe; 4% risk of failure)
Confirm with . or Enter, or press ? or * to list all spells.
Aiming: Ensorcelled Hibernation (safe; 4% risk of failure)
Press: ? - help, Shift-Dir - straight line, f/p - sphinx
Aim: a sphinx (umbra, chance to affect: 26%)
The sphinx easily resists.
Your shadow mimicks your spell!
The sphinx resists with almost no effort.
The sphinx mumbles some strange words.
You resist with some effort.
Casting: Ensorcelled Hibernation (safe; 4% risk of failure)
Confirm with . or Enter, or press ? or * to list all spells.
Aiming: Ensorcelled Hibernation (safe; 4% risk of failure)
Press: ? - help, Shift-Dir - straight line, f/p - sphinx
Aim: a sphinx (umbra, chance to affect: 26%)
The sphinx easily resists.
Unknown command.
Casting: Ensorcelled Hibernation (safe; 4% risk of failure)
Confirm with . or Enter, or press ? or * to list all spells.
Casting: Dazzling Flash (dangerous; 9% risk of failure)
Press: ? - help, Dir - look around, f - activate The sphinx misses you.
You block the sphinx's attack. The sphinx hits you! The sphinx hits you!!
* * * LOW HITPOINT WARNING * * *
The sphinx hits you.
You die...

#.#▓..)(...[▓▓
.##▓▓▓▓▓▓▓'▓▓▓▓+▓
~~~~~~~~~~...≈≈≈▓
########'###.≈≈≈▓
...._..#§~~##≈≈≈▓
..._._.#~§§§####▓▓▓▓▓
.._._._#~§§§§##..#$$▓
._._._.#~§§≈≈§#.H#$.▓
_._._._#~§§§§§+.@H$$▓
._._._.#~§§§§§#.†#$.▓
_._._._#§§§§≈≈▓..#$$▓
._._...#~≈≈≈▓▓▓▓▓▓▓▓▓
########~§§≈▓
~~~~~~~~§§≈≈▓
#####§▓▓▓▓▓ #▓


You could see 2 sphinxes.

Vanquished Creatures
  A deep elf master archer (D)
  A kraken (D)
  A great orb of eyes (D)
  2 boulder beetles (D)
  2 hell hogs (D)
  2 deep trolls (D)
  A merfolk siren (D)
  A yaktaur (D)
  3 polar bears (D)
  A hornet (D)
  2 wyverns (D)
  5 water moccasins (D)
  A spectral adder (D)
  3 worms (D)
  A spectral quokka (D)
  A tentacle (D)
28 creatures vanquished.

Vanquished Creatures (others)
  Menkaure (D)
  7 tentacles (D)
8 creatures vanquished.

Grand Total: 36 creatures vanquished

Notes
Turn   | Place    | Note
-------+----------+-------------------------------------------
     0 | D        | Groucho the Spriggan Enchanter began the quest for the Orb.
     0 | D        | Reached XP level 1. HP: 9/9 MP: 5/5
     3 | D        | Noticed a boulder beetle
     3 | D        | Noticed a boulder beetle
     6 | D        | Noticed a wyvern
     6 | D        | Noticed a wyvern
     9 | D        | Noticed a merfolk siren
    27 | D        | Reached skill level 1 in Fighting
    27 | D        | Reached skill level 5 in Stealth
    57 | D        | Killed a merfolk siren
    58 | D        | Reached skill level 5 in Fighting
    58 | D        | Reached skill level 5 in Short Blades
    58 | D        | Reached skill level 5 in Dodging
    58 | D        | Reached skill level 5 in Spellcasting
    58 | D        | Reached skill level 5 in Hexes
    58 | D        | Reached XP level 2. HP: 18/18 MP: 6/9
    58 | D        | Reached XP level 3. HP: 23/23 MP: 6/10
    58 | D        | Reached XP level 4. HP: 27/27 MP: 7/12
    58 | D        | Reached XP level 5. HP: 30/30 MP: 7/13
    58 | D        | Reached XP level 6. HP: 35/35 MP: 7/14
    66 | D        | Killed a wyvern
    67 | D        | Reached skill level 15 in Stealth
    74 | D        | Killed a boulder beetle
    75 | D        | Reached skill level 10 in Short Blades
    75 | D        | Reached skill level 10 in Hexes
    75 | D        | Reached XP level 7. HP: 40/40 MP: 8/15
    75 | D        | Reached XP level 8. HP: 44/44 MP: 8/16
    77 | D        | Killed a boulder beetle
    89 | D        | Reached skill level 10 in Fighting
    97 | D        | Learned a level 2 spell: Ensorcelled Hibernation
   101 | D        | Learned a level 3 spell: Confusing Touch
   105 | D        | Learned a level 3 spell: Dazzling Flash
   107 | D        | Noticed Menkaure
   109 | D        | Learned a level 3 spell: Tukima's Dance
   122 | D        | Found Ysmeass's Assorted Antiques.
   122 | D        | Found Istroroth's Antique Armour Boutique.
   122 | D        | Found Rilauph's Distillery.
   122 | D        | Found Fym Wei's Distillery.
   122 | D        | Found Loydy's Antique Weapon Boutique.
   122 | D        | Found Wimiecs's Distillery.
   123 | D        | Found Bojugre's Jewellery Shop.
   123 | D        | Found Peoq's Antique Armour Boutique.
   123 | D        | Found Katabe's Distillery.
   129 | D        | Found Lotot's Antique Weapon Shop.
   129 | D        | Found Haowivig's Antique Weapon Boutique.
   131 | D        | Found Zoimuah's Book Boutique.
   131 | D        | Found Bemoikh's Jewellery Shop.
   131 | D        | Noticed an oklob plant
   132 | D        | Found Pyweaq's Book Shoppe.
   132 | D        | Found Osuusk's Magic Scroll Boutique.
   148 | D        | Killed Menkaure
   184 | D        | Reached XP level 9. HP: 54/54 MP: 17/21
   213 | D        | Noticed a manticore
   221 | D        | Bought a ring of flight for 245 gold pieces
   223 | D        | Noticed a manticore
   226 | D        | Noticed a manticore
   235 | D        | Bought a book of Blasting for 520 gold pieces
   241 | D        | Learned a level 5 spell: Lee's Rapid Deconstruction
   285 | D        | Found a blossoming altar of Fedhas.
   286 | D        | Found a white marble altar of Elyvilon.
   287 | D        | Found a shadowy altar of Dithmenos.
   287 | D        | Found a corrupted altar of Lugonu.
   287 | D        | Found an opulent altar of Gozag.
   287 | D        | Found a burning altar of Makhleb.
   288 | D        | Found a snail-covered altar of Cheibriados.
   288 | D        | Found an ancient bone altar of Kikubaaqudgha.
   288 | D        | Found a bloodstained altar of Trog.
   289 | D        | Found a viscous altar of Jiyva.
   289 | D        | Found a shimmering blue altar of Sif Muna.
   290 | D        | Found a hazy altar of Hepliaklqana.
   290 | D        | Found a sacrificial altar of Ru.
   291 | D        | Found a shimmering altar of Xom.
   292 | D        | Found a stormy altar of Qazlal.
   292 | D        | Found an ornate altar of the Wu Jian Council.
   292 | D        | Found a sparkling altar of Nemelex Xobeh.
   292 | D        | Found a hide-covered altar of Uskayaw.
   292 | D        | Found a basalt altar of Yredelemnul.
   292 | D        | Found a glowing golden altar of the Shining One.
   293 | D        | Found a radiant altar of Vehumet.
   293 | D        | Found an iron altar of Okawaru.
   293 | D        | Found a glowing silver altar of Zin.
   296 | D        | Became a worshipper of Dithmenos the Shadowed
   316 | D        | Noticed a great orb of eyes
   321 | D        | Noticed a deep elf master archer
   326 | D        | Killed a deep elf master archer
   326 | D        | Reached * piety under Dithmenos
   331 | D        | Noticed a hell hog
   331 | D        | Noticed a hell hog
   333 | D        | Killed a hell hog
   334 | D        | Reached skill level 10 in Earth Magic
   335 | D        | Killed a hell hog
   336 | D        | Reached XP level 10. HP: 59/59 MP: 22/22
   353 | D        | Reached ** piety under Dithmenos
   359 | D        | Reached *** piety under Dithmenos
   382 | D        | Killed a great orb of eyes
   422 | D        | Noticed a kraken
   441 | D        | Killed a kraken
   715 | D        | Reached **** piety under Dithmenos
   719 | D        | Reached skill level 15 in Earth Magic
   723 | D        | Noticed a deep troll
   724 | D        | Noticed a deep troll
   726 | D        | Killed a deep troll
   727 | D        | Reached skill level 5 in Shields
   727 | D        | Reached XP level 11. HP: 63/63 MP: 23/23
   727 | D        | Killed a deep troll
   880 | D        | Noticed a sphinx
   880 | D        | Noticed a sphinx
   888 | D        | HP: 1/63 [sphinx (22)]
   888 | D        | Slain by a sphinx

Illustrated notes

Levels and vault maps discovered:
D:        the_violet_keep_of_menkaure [sprint2_stairs_cluster_1,
          sprint2_shoproom, sprint2_temple, sprint2_basic_supplies,
          sprint2_obstacle_2, sprint2_obstacle_1, sprint2_obstacle_4,
          sprint2_obstacle_3, sprint2_obstacle_6, sprint2_timed_cluster_1,
          sprint2_smallroom_cluster_1, sprint2_smallroom_final_cluster_1,
          sprint2_transparent_cluster_1, sprint2_second_timed_cluster_1,
          sprint2_sniper_area_1, sprint2_heavy_combat_area_1,
          sprint2_mutation_trap_area_1, sprint2_forest_area_1,
          sprint2_light_combat_area_1, sprint2_behind_water_1,
          sprint2_near_end_vault_1]

Skill      XL: |  1  2  3  4  5  6  7  8  9 10 11 |
---------------+----------------------------------+-----
Dodging        | 5 |  5.0
Spellcasting   | 5 7 |  7.8
Fighting       | 5 6 10 | 10.0
Stealth        | 14 15 | 15.0
Hexes          | 5 10 | 10.0
Short Blades   | 5 10 | 10.0
Earth Magic    | 11 15 | 15.0
Shields        | 5 6 |  6.3

Action                     |  1- 3 |  4- 6 |  7- 9 | 10-12 || total
---------------------------+-------+-------+-------+-------++-------
  Melee: Dagger            |    31 |     2 |    10 |    17 ||    60
         Punch             |     1 |       |       |       ||     1
   Cast: Ensorcelled Hiber |       |       |     2 |     5 ||     7
         Lee's Rapid Decon |       |       |       |     3 ||     3
         Dazzling Flash    |       |       |       |     2 ||     2
    Use: Potion            |     4 |       |     1 |       ||     5
   Stab: Invisible         |     4 |       |       |     2 ||     6
         Sleeping          |       |     2 |    10 |    11 ||    23
 Armour: Troll leather arm |       |       |       |     3 ||     3
  Dodge: Dodged            |     5 |       |       |    10 ||    15
  Block: Buckler           |       |       |       |     1 ||     1
